 Dungeon Crawl Stone Soup version 0.28-a0-1084-ga282ea2 (webtiles) character file.

Game seed: 18199820264336138059

1852 HDogLeCool the Poker (level 8, -5/64 HPs)
             Began as a Demonspawn Fighter on Dec 8, 2021.
             Was a Follower of Makhleb.
             Slain by a wyvern (9 damage)
             ... on level 8 of the Dungeon on Dec 9, 2021.
             The game lasted 00:17:16 (9825 turns).

HDogLeCool the Poker (Demonspawn Fighter)           Turns: 9825, Time: 00:17:17

Health: -5/64      AC:  9    Str: 18    XL:     8   Next: 88%
Magic:  17/17      EV:  8    Int: 10    God:    Makhleb [*.....]
Gold:   312        SH: 11    Dex: 13    Spells: 7/7 levels left

rFire   . . .      SeeInvis .   a - +0 trident (flame)
rCold   . . .      Faith    .   v - +1 kite shield
rNeg    + . .      Spirit   .   b - +0 scale mail
rPois   .          Reflect  .   (no helmet)
rElec   .          Harm     .   (no cloak)
rCorr   .          Rampage  .   (no gloves)
Will    .....                   (no boots)
Stlth   ..........              (no amulet)
HPRegen 0.20/turn               y - ring of positive energy
MPRegen 0.15/turn               s - ring of magical power

@: no status effects
A: claws 2, slimy green scales 2
a: Renounce Religion


You were on level 8 of the Dungeon.
You worshipped Makhleb.
Makhleb was aware of your devotion.
You visited 2 branches of the dungeon, and saw 9 of its levels.
You also visited: Sewer.

You collected 312 gold pieces.

Inventory:

Hand Weapons
 a - a +0 trident of flaming (weapon)
 q - a +6 whip
 w - a +0 dagger of venom
Missiles
 e - 183 stones
 t - 9 poisoned darts
 u - 4 atropa-tipped darts
Armour
 b - a +0 scale mail (worn)
 c - a +0 buckler
 o - a scarf of harm
 v - a +1 kite shield (worn)
Jewellery
 s - a ring of magical power (right claw)
 y - a ring of positive energy (left claw)
 A - a ring of protection from cold
Wands
 g - a wand of paralysis (5) (quivered)
 n - a wand of flame (20)
Scrolls
 d - a scroll of enchant armour
 i - 2 scrolls of teleportation
 l - 2 scrolls of immolation
Potions
 h - 4 potions of mutation
 j - 4 potions of attraction
 k - 2 potions of degeneration
 m - a potion of curing {unknown}
 p - a potion of cancellation {unknown}
 x - a potion of brilliance {unknown}


   Skills:
 + Level 5.6 Fighting
 * Level 7.1 Polearms
 - Level 3.4 Armour
 - Level 0.7 Dodging
 * Level 6.7 Shields


You had 7 spell levels left.
You didn't know any spells.
Your spell library contained the following spells:

 Spells                   Type           Power      Damage    Failure   Level
 Animate Skeleton         Necr           0%         N/A       98%         1
 Magic Dart               Conj           0%         1d3       98%         1
 Pain                     Necr           0%         1d4       98%         1
 Sandblast                Erth           0%         2d4       98%         1
 Passwall                 Tmut/Erth      0%         N/A       99%         2
 Searing Ray              Conj           0%         2d4       99%         2
 Call Canine Familiar     Summ           0%         N/A       100%        3
 Portal Projectile        Hex/Tloc       0%         N/A       100%        3
 Stone Arrow              Conj/Erth      0%         3d7       100%        3
 Vampiric Draining        Necr           0%         2d6       100%        3
 Fulminant Prism          Conj/Hex       0%         3d6       100%        4
 Leda's Liquefaction      Hex/Erth       0%         N/A       100%        4


Dungeon Overview and Level Annotations

Branches:
Dungeon (8/15)             Temple (1/1) D:4            Lair (0/6) D:8
  Sewer (visited)

Altars:
Ashenzari
Cheibriados
Dithmenos
Elyvilon
Fedhas
Gozag
Hepliaklqana
Kikubaaqudgha
Makhleb
Nemelex Xobeh
Okawaru
Qazlal
Ru
Trog
Uskayaw
Wu Jian
Xom
Yredelemnul
Zin

Shops:
D:1 =

Portals:
Ossuary: D:7


Innate Abilities, Weirdness & Mutations

You have very sharp fingernails.
You are mostly covered in slimy green scales. (AC +3)


Message History

Okay, then.
Okay, then.
You are confused.
You feel invigorated. The wyvern barely misses you.
You miss the wyvern. The wyvern bites you.
* * * LOW HITPOINT WARNING * * *
The wyvern bites you!
* * * LOW HITPOINT WARNING * * *
You puncture the wyvern! You burn the wyvern.
The wyvern is moderately wounded.
The wyvern closely misses you. The wyvern barely misses you.
You closely miss the wyvern.
The wyvern is moderately wounded.
The wyvern bites you!
* * * LOW HITPOINT WARNING * * *
The wyvern bites you.
* * * LOW HITPOINT WARNING * * *
A bullfrog comes into view.
The bullfrog croaks.
The wyvern bites you.
* * * LOW HITPOINT WARNING * * *
The wyvern bites you!
* * * LOW HITPOINT WARNING * * *
You feel less invigorated.
You feel less confused.
The wyvern bites you but does no damage.
You block the bullfrog's attack.
The bullfrog hits you but does no damage.
You see here a +0 helmet.
Found 22 stones.
The wyvern bites you but does no damage.
The wyvern bites you.
* * * LOW HITPOINT WARNING * * *
You block the bullfrog's attack.
Found 18 stones.
There is a stone staircase leading up here.
The wyvern bites you.
* * * LOW HITPOINT WARNING * * *
The bullfrog barely misses you. The wyvern bites you!
You die...

#.....................
......................
#.....................
......................
#.....................
......................
#.............[.......
#.............lF......
#.......?.....@.......
.....................
....................
...................
................
...............
...(...........
.P............(


You could see a wyvern and a bullfrog.

Vanquished Creatures
  Edmund (D:5)
  A water moccasin (D:6)
  A sky beast (D:6)
  A black bear (D:6)
  A necrophage (D:5)
  3 ogres
  2 centaurs
  A phantom (D:4)
  2 scorpions
  A bullfrog (Sewer)
  A water moccasin zombie (D:3)
  A howler monkey (D:5)
  A bullfrog zombie (D:6)
  A hound (D:4)
  A bullfrog skeleton (D:4)
  3 iguanas
  Ijyb (D:5)
  An orc wizard (D:4)
  A killer bee zombie (D:5)
  A hound skeleton (D:5)
  7 gnolls (D:5)
  9 adders
  A shadow imp (D:7)
  A white imp (D:6)
  2 adder skeletons (D:4)
  6 worms
  2 dart slugs (D:3)
  15 orcs
  16 ball pythons
  15 endoplasms
  16 giant cockroaches
  9 goblins
  5 hobgoblins
  2 jackals (D:3)
  6 kobolds
  20 quokkas
  4 bats (D:2)
  6 frilled lizards
  3 rats
171 creatures vanquished.

Vanquished Creatures (others)
  3 fungi
  26 plants
29 creatures vanquished.

Grand Total: 200 creatures vanquished

Notes
Turn   | Place    | Note
-------+----------+-------------------------------------------
     0 | D:1      | HDogLeCool the Demonspawn Fighter began the quest for the
                  | Orb.
     0 | D:1      | Reached XP level 1. HP: 18/18 MP: 1/1
    75 | D:1      | Found Deffebor's Jewellery Boutique.
   227 | D:1      | Reached skill level 2 in Polearms
   244 | D:1      | Gained mutation: You are partially covered in slimy green
                  | scales. (AC +2) [demonic ancestry]
   244 | D:1      | Reached XP level 2. HP: 22/24 MP: 2/2
   861 | D:2      | Gained mutation: You have sharp fingernails. [demonic
                  | ancestry]
   861 | D:2      | Reached XP level 3. HP: 17/29 MP: 3/3
  2126 | D:3      | Reached XP level 4. HP: 12/35 MP: 4/4
  2276 | D:3      | Found a glowing drain.
  2305 | D:3      | Reached skill level 3 in Polearms
  2411 | Sewer    | Entered a sewer
  3094 | Sewer    | Gained mutation: You have very sharp fingernails. [demonic
                  | ancestry]
  3094 | Sewer    | Reached XP level 5. HP: 41/41 MP: 5/5
  3160 | Sewer    | Reached skill level 4 in Polearms
  3699 | D:3      | Found a faded altar of an unknown god.
  4017 | D:3      | HP: 2/41 [poisoned by a kobold]
  4651 | D:3      | Gained mutation: You are mostly covered in slimy green
                  | scales. (AC +3) [demonic ancestry]
  4651 | D:3      | Reached XP level 6. HP: 31/47 MP: 6/6
  5602 | D:4      | Found a staircase to the Ecumenical Temple.
  5615 | Temple   | Entered the Ecumenical Temple
  5889 | Temple   | Became a worshipper of Makhleb the Destroyer
  6226 | D:4      | Found a hide-covered altar of Uskayaw.
  6259 | D:4      | Reached XP level 7. HP: 50/54 MP: 7/7
  6645 | D:4      | Reached skill level 5 in Polearms
  6972 | D:5      | Entered Level 5 of the Dungeon
  7009 | D:5      | Noticed Edmund
  7308 | D:5      | Noticed Ijyb
  7339 | D:5      | Paralysed by Ijyb for 2 turns
  7344 | D:5      | Killed Ijyb
  7414 | D:5      | Reached skill level 5 in Shields
  7495 | D:5      | Killed Edmund
  7554 | D:5      | Reached XP level 8. HP: 46/61 MP: 8/8
  7560 | D:5      | Reached skill level 6 in Polearms
  7648 | D:5      | Found a snail-covered altar of Cheibriados.
  7716 | D:5      | Reached * piety under Makhleb
  7838 | D:5      | Reached skill level 5 in Fighting
  9317 | D:6      | Reached skill level 7 in Polearms
  9317 | D:6      | Upgraded the game from 0.28-a0-1041-gaa9a639 to
                  | 0.28-a0-1084-ga282ea2
  9419 | D:6      | Found an ornate altar of the Wu Jian Council.
  9426 | D:6      | Found a bloodstained altar of Trog.
  9560 | D:6      | Noticed a hornet
  9561 | D:6      | Noticed a two-headed ogre
  9804 | D:7      | Found a sand-covered staircase.
  9808 | D:8      | Found a staircase to the Lair.
  9815 | D:8      | HP: 2/64 [wyvern (9)]
  9825 | D:8      | Slain by a wyvern

Illustrated notes

Levels and vault maps discovered:
D:1:      amcnicky_arrival_blooded_trapdoor, layout_loops_ring, serial_shops,
          shop_statue
D:2:      layout_loops_corners, kennysheep_boxes
D:3:      layout_basic, gup_sewer_entry_glass,
          shapermc_ecumenical_altar_mp_ritualfount, chequers_big_river,
          st_stairs_13, serial_bayou_pond_d, hangedman_decor_slide_cut,
          kennysheep_generic_room_7
D:4:      layout_basic, mainiacjoe_overflow_24_doors, temple_fountains,
          hangedman_abyss_or_decor_stabs, nrook_mini_vaults
D:5:      layout_basic, lemuel_round_altar, serial_bayou_lagoon_b, uniq_edmund,
          uniq_ijyb
D:6:      layout_cave_pools, grunt_temple_overflow_diamond, serial_rivers,
          chequers_serial_rivers_small_a, chequers_serial_rivers_micro_e,
          chequers_serial_rivers_micro_d, chequers_serial_rivers_micro_e,
          minmay_holes, chequers_serial_rivers_micro_c, lightli_corner_chamber
D:7:      layout_loops_cross, nicolae_ossuary_entry_false_entrances,
          guppyfry_shop_venom
D:8:      layout_basic, jmf_multi_god_temple, minmay_lair_entry_grove,
          chequers_mini_garden
Temple:   dpeg_chambers_temple

Skill      XL: |  1  2  3  4  5  6  7  8 |
---------------+-------------------------+-----
Polearms       | 2 3 4 5 7 |  7.1
Armour         | 3 |  3.4
Shields        | 3 4 5 6 |  6.7
Fighting       | 4 5 |  5.6
Dodging        | |  0.7

Action                   |  1- 3 |  4- 6 |  7- 9 || total
-------------------------+-------+-------+-------++-------
Melee: Trident           |   128 |   395 |   222 ||   745
       Dagger            |       |       |     8 ||     8
Evoke: Wand              |       |       |     1 ||     1
  Use: Potion            |       |     3 |     4 ||     7
       Scroll            |       |     8 |     5 ||    13
 Stab: Paralysed         |       |       |     7 ||     7
Armor: Scale mail        |    47 |   172 |    75 ||   294
Dodge: Dodged            |    45 |   131 |    61 ||   237
Block: Buckler           |    11 |    47 |       ||    58
       Kite shield       |       |    86 |   112 ||   198

Table legend: (Time is in decaauts)
 A = Elapsed time spent in this place.
 B = Non-inter-level travel time spent in this place.
 C = Inter-level travel time spent in this place.
 D = Time resting spent in this place.
 E = Time spent auto-exploring this place.
 F = Levels seen in this place.
 G = Mean time per level.
                   A        B        C        D        E       F      G
               +--------+--------+--------+--------+--------+-----+--------+
         Total |  10106 |   9742 |    364 |   2066 |   5822 |  10 | 1010.6 |
       Dungeon |   8927 |   8590 |    337 |   1992 |   5140 |   8 | 1115.9 |
        Temple |    287 |    260 |     27 |      0 |    246 |   1 |  287.0 |
         Sewer |    891 |    891 |      0 |     74 |    435 |   1 |  891.0 |
               +--------+--------+--------+--------+--------+-----+--------+

Top non-repeatable levels by time:
     D:3: 2697 daAuts
     D:4: 1421 daAuts
     D:5: 1411 daAuts
     D:2: 1285 daAuts
     D:6: 1186 daAuts
   Sewer: 891 daAuts
     D:1: 851 daAuts
  Temple: 287 daAuts
     D:7: 52 daAuts
     D:8: 19 daAuts
